 Dungeon Crawl Stone Soup version 0.25-a0-265-g7af84ae0ac (webtiles) character file.

Game seed: 12133946509087081024, levelgen mode: deterministic

80738 bmfx the Spry (level 15, -1/88 HPs)
             Began as a Deep Elf Transmuter on Dec 8, 2019.
             Was a High Priest of Vehumet.
             Killed by divine providence
             ... invoked by a smoke demon
              (11 damage)
             ... on level 2 of the Abyss.
             The game lasted 01:54:43 (45006 turns).

bmfx the Spry (Deep Elf Transmuter)                Turns: 45006, Time: 01:54:44

Health: -1/88      AC: 10    Str:  2 (3)  XL:     15   Next: 24%
Magic:  16/35      EV: 36    Int: 25      God:    Vehumet [*****.]
Gold:   574        SH:  0    Dex: 13 (15) Spells: 16/43 levels left

rFire    + + .     SeeInvis .   b - +6 hand axe (chop)
rCold    . . .     Gourm    .   (no shield)
rNeg     . . .     Faith    .   D - +2 robe {rC+ rF+}
rPois    .         Spirit   .   A - +2 hat
rElec    .         Reflect  .   x - +1 cloak
rCorr    .         Harm     .   z - +0 pair of gloves
MR       ++...                  f - +0 pair of boots
Stlth    +++.......             O - amulet of the acrobat
HPRegen  0.00/turn              r - ring of fire
MPRegen  0.24/turn              R - ring of protection from magic

@: about to teleport, acrobat
A: [blurry vision 2], [deterioration 2], [screaming 2], [inhibited
regeneration], [weak 2], [subdued magic 3]
a: Renounce Religion


You were on level 2 of the Abyss.
You worshipped Vehumet.
Vehumet was extremely pleased with you.
You were not hungry.

You visited 4 branches of the dungeon, and saw 23 of its levels.
You visited the Abyss 1 time.
You visited 1 bazaar.

You collected 1654 gold pieces.
You spent 1080 gold pieces at shops.


Innate Abilities, Weirdness & Mutations

[Scrolls take you longer to read.]
[Your body often deteriorates upon taking damage.]
[You sometimes yell uncontrollably at your foes.]
[You do not regenerate when monsters are visible.]
[You are very weak. (Str -4)]
[Your spells are much easier to cast, but much less powerful.]

Dungeon Overview and Level Annotations

Branches:
Dungeon (15/15)            Temple (1/1) D:5            Lair (6/6) D:8
  Swamp (0/4) Lair:4        Slime (0/5) Lair:6          Orc (1/2) D:10
 Vaults (0/5) D:14         Depths (0/5) D:15
  Snake: Lair:2-4    Spider: Lair:2-4

Altars:
Ashenzari
Elyvilon
Fedhas
Gozag
Hepliaklqana
Makhleb
Nemelex Xobeh
Okawaru
Qazlal
Ru
Sif Muna
Vehumet
Wu Jian
Yredelemnul
Zin
The Shining One
Beogh
Jiyva

Shops:
D:5 }   D:7 *

Portals:
Trove: D:13 (give 7 potions of haste)

Annotations:
D:9 exclusion: oklob plant
D:13 exclusion: hog
Lair:2 Gastronok
Lair:3 exclusion: 2 hydras
Orc:1 Erolcha


   Skills:
 - Level 8.0 Fighting
 - Level 15.0 Dodging
 + Level 4.6 Stealth
 - Level 6.1 Unarmed Combat
 - Level 14.7 Spellcasting
 - Level 12.3 Conjurations
 - Level 6.2 Hexes
 - Level 4.6 Transmutations
 - Level 10.9 Fire Magic
 - Level 8.1 Evocations


You had 16 spell levels left.
You knew the following spells:

 Your Spells              Type           Power        Failure   Level  Hunger
A - Foxfire               Conj/Fire      ####         0%          1    None
B - Sticks to Snakes      Tmut           ###.....     1%          2    None
C - Stone Arrow           Conj/Erth      ####..       1%          3    None
D - Sticky Flame          Conj/Fire      ######..     1%          4    None
E - Fireball              Conj/Fire      ######....   1%          5    ##.....
G - Ice Form              Ice/Tmut       ###.....     6%          4    None
J - Confuse               Hex            ####....     1%          3    None
K - Lightning Bolt        Conj/Air       ####......   1%          5    ##.....

Your spell library contained the following spells:

 Spells                   Type           Power        Failure   Level  Hunger
 Iskenderun's Battlesphe  Conj/Chrm      ####....     1%          5    ##.....
 Magic Dart               Conj           ####         0%          1    None
 Searing Ray              Conj           #####.       0%          2    None
 Conjure Flame            Conj/Fire      ######..     0%          3    None
 Dazzling Flash           Conj/Hex       ####..       0%          3    None
 Animate Skeleton         Necr           N/A          1%          1    None
 Apportation              Tloc           #.....       1%          1    None
 Beastly Appendage        Tmut           ###...       1%          1    None
 Confusing Touch          Hex            ####..       1%          1    None
 Corona                   Hex            ####...      1%          1    None
 Pain                     Necr           #...         1%          1    None
 Sandblast                Erth           #.....       1%          1    None
 Summon Small Mammal      Summ           #...         1%          1    None
 Ensorcelled Hibernation  Hex/Ice        ###...       1%          2    None
 Passwall                 Tmut/Erth      ###.....     1%          2    None
 Inner Flame              Hex/Fire       #####...     1%          3    None
 Spider Form              Tmut/Pois      ###.......   1%          3    None
 Tukima's Dance           Hex            ####....     1%          3    None
 Fulminant Prism          Conj/Hex       ####......   1%          4    None
 Iskenderun's Mystic Bla  Conj/Tloc      ####....     1%          4    None
 Yara's Violent Unravell  Hex/Tmut       ###.......   1%          5    ##.....
 Gell's Gravitas          Tloc           #.........   4%          3    None
 Regeneration             Chrm/Necr      #.........   4%          3    None
 Vampiric Draining        Necr           #.........   4%          3    None
 Petrify                  Tmut/Erth      ###.....     6%          4    None
 Blade Hands              Tmut           ###.......   6%          5    ##.....
 Metabolic Englaciation   Hex/Ice        ###.......   14%         5    ##.....
 Lee's Rapid Deconstruct  Erth           #.........   16%         5    ##.....
 Animate Dead             Necr           N/A          19%         4    None

Action                   |  1- 3 |  4- 6 |  7- 9 | 10-12 | 13-15 || total
-------------------------+-------+-------+-------+-------+-------++-------
Melee: Unarmed           |   139 |   112 |   419 |   315 |    12 ||   997
       Headbutt          |    14 |     1 |     1 |       |       ||    16
       Punch             |     1 |     1 |     1 |       |     1 ||     4
       Hand axe          |       |       |       |     3 |    20 ||    23
       Flail             |       |       |       |     2 |    52 ||    54
       Staff             |       |       |       |     2 |       ||     2
Throw: Stone             |       |       |     1 |       |       ||     1
       Dart              |       |       |     9 |    22 |    38 ||    69
 Cast: Beastly Appendage |    28 |     3 |     2 |     1 |       ||    34
       Sticks to Snakes  |    12 |    13 |    65 |    54 |       ||   144
       Spider Form       |     1 |    18 |    54 |    45 |     4 ||   122
       Confuse           |       |       |    52 |    88 |     8 ||   148
       Ice Form          |       |       |     3 |     1 |     1 ||     5
       Foxfire           |       |       |    12 |   311 |    13 ||   336
       Stone Arrow       |       |       |       |    86 |   270 ||   356
       Sticky Flame      |       |       |       |    59 |   179 ||   238
       Fireball          |       |       |       |       |   193 ||   193
 Abil: End Transformatio |       |       |       |     1 |       ||     1
Evoke: Wand              |       |       |     6 |     6 |     6 ||    18
       Lamp of fire      |       |       |       |       |     1 ||     1
  Use: Scroll            |     7 |     1 |     9 |     9 |    15 ||    41
       Potion            |       |     2 |     4 |     6 |     5 ||    17
 Stab: Sleeping          |     2 |       |       |       |       ||     2
       Distracted        |       |       |     2 |       |       ||     2
       Confused          |       |       |    29 |    37 |       ||    66
       Paralysed         |       |       |    29 |       |       ||    29
  Eat: Chunk             |     3 |    10 |     8 |    31 |    35 ||    87
       Ration            |     1 |       |     6 |     7 |    11 ||    25
Armor: Robe              |    21 |     7 |    16 |    47 |    43 ||   134
       Skin              |     1 |     3 |    44 |    55 |     1 ||   104
Dodge: Dodged            |    91 |    87 |   414 |   477 |   457 ||  1526

Skill      XL: |  1  2  3  4  5  6  7  8  9 10 11 12 13 14 |
---------------+-------------------------------------------+-----
Dodging        | 3 4 5 7 10 15 | 15.0
Transmutations | 3 4 |  4.6
Unarmed Combat | 3 6 |  6.1
Spellcasting   | 4 5 6 8 9 10 14 | 14.7
Hexes          | 1 5 6 |  6.2
Evocations     | 4 7 8 |  8.1
Fighting       | 2 4 8 |  8.0
Conjurations   | 5 7 9 10 12 | 12.3
Fire Magic     | 5 6 7 8 10 | 10.9
Stealth        | 4 |  4.6

Inventory:

Hand Weapons
 a - the +9 flail of Bodily Humours {protect, rElec rPois Int-2}
   (You found it on level 5 of the Lair of Beasts)

   It grants its wielder temporary protection when it strikes (+7 to AC).
   It affects your intelligence (-2).
   It insulates you from electricity.
   It protects you from poison.
 b - a +6 hand axe of chopping (weapon)
 X - a +3 demon blade of electrocution
Missiles
 p - 29 poisoned darts (quivered)
 J - 2 throwing nets {!f}
 P - 435 arrows
Armour
 f - a +0 pair of boots (worn)
 x - a +1 cloak (worn)
 z - a +0 pair of gloves (worn)
 A - a +2 hat (worn)
 D - a +2 robe of resistance (worn)
 Z - a scarf of cloud immunity
Magical Staves
 T - an uncursed staff of cold
Jewellery
 r - a ring of fire (left hand)
 w - an uncursed amulet of guardian spirit
 O - an amulet of the acrobat (around neck)
 R - a ring of protection from magic (right hand)
Wands
 c - a wand of paralysis (12)
 j - a wand of disintegration (18)
 y - a wand of scattershot (2)
 F - a wand of polymorph (2)
 Q - a wand of enslavement (14)
 Y - a wand of iceblast (6)
Scrolls
 e - 4 scrolls of enchant weapon
 g - a scroll of vulnerability
 h - 3 scrolls of immolation
 k - 2 scrolls of magic mapping
 n - a scroll of silence
 q - 7 scrolls of remove curse {@r4}
 C - 2 scrolls of fog
 I - 5 scrolls of teleportation {@r1}
 K - a scroll of enchant armour
 L - 2 scrolls of acquirement
 M - a scroll of amnesia
 U - a scroll of identify {@r3}
Potions
 i - 5 potions of mutation
 l - 3 potions of resistance
 s - a potion of invisibility
 t - 4 potions of flight
 u - 3 potions of heal wounds {@q1}
 v - 2 potions of curing {@q2}
 B - 2 potions of ambrosia
 E - 2 potions of haste {@q4}
 G - 3 potions of agility
 H - 3 potions of might
 S - a potion of magic
Miscellaneous
 N - a fan of gales
 V - a lamp of fire
Comestibles
 d - 11 rations

............#. ...
.........#... . .
...............# ..#...
..........#.# .. .
........?..h....## ...
.............h... # #..
#..##..##..##..# . # .
..##..##..##@h##..## .
........§.....v§........
.
.....v......v...........
#..##..##..##§.##..##..#
. #.
##..##v§##3.##..##..#
.............v.........
# ..
.........3...........#..
##..##..##..##..##..## .
# .. #.. #.. #..# ..##.
.


You could see a smoke demon, 2 raiju and 4 insubstantial wisps.

Vanquished Creatures
  A frost giant (D:13)
  Nessos (D:14)
  An ettin (D:13)
  Josephine (D:13)
  Harold (D:10)
  A catoblepas (Lair:6)
  2 hydras
  3 centaur warriors
  6 two-headed ogres
  A shadow wraith (D:14)
  A fire crab (Lair:6)
  3 skeletal warriors
  A flayed ghost (D:15)
  A deep troll (D:14)
  6 unseen horrors
  A swamp dragon (shapeshifter) (D:13)
  A wizard (D:15)
  A necromancer (D:15)
  2 orc knights
  A stone giant zombie (D:15)
  2 deep elf magi
  A harpy (shapeshifter) (D:13)
  An iron dragon zombie (D:15)
  A wolf spider (D:13)
  3 cyclopes
  A fire giant zombie (D:15)
  2 manticores
  6 ugly things
  5 black mambas
  Psyche (D:10)
  3 gargoyles
  9 spiny frogs
  A rime drake (Lair:2)
  4 yaktaurs
  13 komodo dragons
  An efreet (D:15)
  4 demonic crawlers (D:15)
  5 kobold demonologists
  A freezing wraith (D:15)
  A troll (shapeshifter) (D:15)
  6 slime creatures (D:13)
  2 trolls (D:13)
  A hornet (D:12)
  21 blink frogs
  A harpy skeleton (D:14)
  2 bog bodies (Lair:4)
  A fire dragon zombie (D:15)
  A raiju (Abyss:2)
  4 dream sheep (Lair:4)
  11 hippogriffs
  3 shadows
  A hippogriff (shapeshifter) (D:14)
  A vampire (D:11)
  5 wyverns
  A spriggan (D:8)
  A fire elemental (Lair:2)
  5 wraiths (D:13)
  A centaur simulacrum (D:15)
  Eustachio (Temple)
  2 basilisks
  34 yaks
  2 fire bats (Lair:2)
  2 steam dragons
  2 hungry ghosts
  4 vampire mosquitoes (D:15)
  Menkaure (D:7)
  A warg (Orc:1)
  Edmund (D:4)
  10 porcupines
  18 water moccasins
  23 orc warriors
  2 phantoms
  A black bear (D:11)
  6 ice beasts
  7 sky beasts
  3 eyes of draining
  28 wolves
  A wolf (shapeshifter) (D:13)
  10 ogres
  23 centaurs
  13 crocodiles
  9 big kobolds
  Blork the orc (D:4)
  A small abomination (Abyss:2)
  16 bullfrogs
  A gnoll sergeant (D:9)
  A wyvern zombie (D:12)
  A wyvern skeleton (D:13)
  2 scorpions
  A water moccasin skeleton (D:8)
  7 wights
  12 killer bees
  7 howler monkeys
  3 electric eels
  7 crimson imps
  A jelly (D:15)
  3 quasits
  2 bullfrog zombies (D:13)
  2 centaur zombies
  5 bullfrog skeletons
  11 hounds
  27 orc wizards
  10 orc priests
  5 centaur skeletons
  An iron imp (Abyss:2)
  4 iguanas
  11 worker ants
  A worker ant zombie (D:9)
  4 gnolls
  9 adders
  5 shadow imps
  An ooze (D:4)
  An adder skeleton (D:4)
  A worm (D:5)
  2 dart slugs
  5 leopard geckos
  79 orcs
  A ball python (D:1)
  5 giant cockroaches
  5 goblins
  6 jackals
  4 quokkas
  A bat (D:1)
  3 frilled lizards
  2 jackal zombies
  10 kobolds
  3 rats
  3 fungi
  A withered plant (D:15)
667 creatures vanquished.

Vanquished Creatures (collateral kills)
  A wretched star (Abyss:2)
  A rime drake (Lair:1)
  2 komodo dragons
  An ancient zyme (Abyss:2)
  A wyvern (D:9)
  A large abomination (Abyss:2)
  4 orc warriors
  4 ogres
  A wight (D:9)
  A centaur zombie (D:10)
  2 jellies
  2 orc priests
  3 gnolls
  2 adders
  A dart slug (D:3)
  3 orcs
  A jackal (D:3)
  2 quokkas
33 creatures vanquished.

Vanquished Creatures (others)
  An orc wizard (D:11)
  593 foxfires
  11 fungi
  6 plants
  3 starspawn tentacles (Abyss:2)
  15 toadstools (D:9)
  4 withered plants (D:15)
633 creatures vanquished.

Grand Total: 1333 creatures vanquished

Levels and vault maps discovered:
D:1:      dpeg_arrival_concentric_ovals, layout_rooms, serial_glass,
          glass_columns_a, glass_columns_c
D:2:      layout_rooms
D:3:      layout_basic, marbit_many_paths, first_ration
D:4:      minmay_door_path, layout_basic, minmay_pentomino_pile, uniq_edmund,
          uniq_blork_the_orc
D:5:      layout_basic, lemuel_round_altar, minmay_temple_entry_offerings,
          serial_shops, shop, bloody_makhleb, uniq_eustachio
D:6:      layout_rooms
D:7:      layout_rooms, minitemple, zin_purify, basic_altar, uniq_menkaure
D:8:      layout_basic, lemuel_crystal_altar, david_lair_shrubbed,
          grunt_pizzeria, lemuel_angel_altar
D:9:      layout_cave_pods, tgw_fedhas
D:10:     layout_roguey, erik_orc_2, uniq_psyche, uniq_harold
D:11:     layout_loops_ring, special_room [special_room_orc],
          gauntlet_entry_generic, kennysheep_generic_room_5
D:12:     layout_small_grid, serial_shops, bzr_entry_safe
D:13:     minmay_complete_graph, layout_cave_pods, basic_altar, enter_trove_0,
          uniq_josephine, uniq_kirke
D:14:     layout_small_grid, david_vaults_4, lemuel_tele_altar, uniq_nessos
D:15:     gammafunk_depths_entry_grave, layout_basic, minmay_parallelograms,
          einodemon_crawler_minivault
Temple:   dpeg_chambers_temple
Lair:1:   layout_regular_city, serial_bayou_shore_b
Lair:2:   layout_gridlike, infiniplex_staircase_pool, uniq_gastronok
Lair:3:   statuecave_lemuel, layout_loops_ring, spider_nest_entry_funnel_web,
          bh_chokoban, st_stairs_8
Lair:4:   layout_gridlike, skrybe_swamp_entry_bodies
Lair:5:   layout_cave_pods, grunt_megastairs_3
Lair:6:   due_jungle_book, layout_regular_city, slime_altar_1
Orc:1:    layout_caves, uniq_erolcha
Abyss:2:  base: D:12, minivault_24, small_statue_intersection,
          hangedman_abyss_river_spirits, evilmike_abyss_exit_chaos


Message History

The living lightning misses you.
The raiju blinks!
The raiju misses you. The raiju completely misses you.
The raiju bursts into living lightning!
The living lightning misses you.
The living lightning hits the insubstantial wisp.
The insubstantial wisp completely resists.
The raiju blinks!
The raiju bursts into living lightning!
The living lightning misses you.
The raiju blinks!
The raiju bursts into living lightning!
The living lightning hits the insubstantial wisp.
The insubstantial wisp completely resists.
The living lightning hits you!
* * * LOW HITPOINT WARNING * * *
The raiju blinks!
The raiju bursts into living lightning!
The living lightning misses you.
The raiju blinks!
The smoke demon gestures at you. Something smites you!
You die...

Notes
Turn   | Place    | Note
-------+----------+-------------------------------------------
     0 | D:1      | bmfx the Deep Elf Transmuter began the quest for the Orb.
     0 | D:1      | Reached XP level 1. HP: 11/11 MP: 6/6
   336 | D:1      | Reached XP level 2. HP: 14/16 MP: 6/8
   348 | D:1      | Learned a level 2 spell: Sticks to Snakes
  1373 | D:2      | Reached skill level 3 in Dodging
  2266 | D:3      | Reached XP level 3. HP: 20/20 MP: 7/9
  2664 | D:3      | Found a stormy altar of Qazlal.
  2670 | D:3      | Learned a level 3 spell: Spider Form
  2871 | D:4      | Reached XP level 4. HP: 18/24 MP: 8/11
  3230 | D:4      | Noticed Blork the orc
  3345 | D:4      | Reached skill level 4 in Dodging
  3401 | D:4      | Reached XP level 5. HP: 19/28 MP: 9/13
  3524 | D:4      | Noticed Edmund
  4114 | D:4      | Reached XP level 6. HP: 15/33 MP: 7/14
  4494 | D:5      | Entered Level 5 of the Dungeon
  4540 | D:5      | Found a burning altar of Makhleb.
  4785 | D:5      | Reached skill level 5 in Dodging
  4995 | D:4      | Learned a level 3 spell: Confuse
  5201 | D:5      | Noticed Eustachio
  5216 | D:5      | Reached skill level 1 in Hexes
  5364 | D:5      | Reached skill level 5 in Spellcasting
  5364 | D:5      | Reached XP level 7. HP: 36/37 MP: 13/16
  5384 | D:5      | Found Ytatel's Gadget Shoppe.
  5391 | D:5      | Bought a wand of paralysis (7) for 126 gold pieces
  5457 | D:5      | Found a shimmering blue altar of Sif Muna.
  5820 | D:5      | Reached skill level 1 in Evocations
  6085 | D:5      | Found a staircase to the Ecumenical Temple.
  6111 | Temple   | Entered the Ecumenical Temple
  6256 | Temple   | Became a worshipper of Vehumet
  6297 | Temple   | Killed Eustachio
  6470 | D:6      | Reached skill level 5 in Hexes
  6918 | D:5      | Learned a level 4 spell: Ice Form
  6926 | D:5      | Reached XP level 8. HP: 29/42 MP: 13/17
  7328 | D:7      | Found an iron altar of Okawaru.
  7594 | D:7      | Reached skill level 5 in Evocations
  8249 | D:7      | Found a shattered altar of Ashenzari.
  8284 | D:7      | Found a glowing golden altar of the Shining One.
  8286 | D:7      | Found an iron altar of Okawaru.
  8319 | D:7      | Reached * piety under Vehumet
  8319 | D:7      | Offered knowledge of Foxfire by Vehumet.
  8580 | D:7      | Noticed Menkaure
  8670 | D:7      | Killed Menkaure
  8670 | D:7      | Reached skill level 1 in Fighting
  9033 | D:7      | Found Zin's Purification Station.
  9043 | D:7      | Found a glowing silver altar of Zin.
  9362 | D:8      | Found a glowing silver altar of Zin.
  9362 | D:8      | Found a runed translucent door.
  9362 | D:8      | Noticed an angel
  9365 | D:8      | Noticed a hippogriff
  9390 | D:8      | Reached XP level 9. HP: 27/49 MP: 7/18
  9648 | D:8      | Learned a level 1 spell: Foxfire
  9692 | D:8      | Found a sacrificial altar of Ru.
 10010 | D:8      | Reached skill level 1 in Conjurations
 10010 | D:8      | Reached skill level 1 in Fire Magic
 10717 | D:8      | Found a staircase to the Lair.
 12230 | D:9      | Reached skill level 5 in Conjurations
 12293 | D:9      | Reached skill level 5 in Fire Magic
 12604 | D:9      | Reached ** piety under Vehumet
 12604 | D:9      | Offered knowledge of Shock by Vehumet.
 12768 | D:9      | Found a blossoming altar of Fedhas.
 12779 | D:9      | Noticed an oklob plant
 12913 | D:9      | Reached XP level 10. HP: 56/56 MP: 6/19
 14286 | D:7      | Reached skill level 6 in Dodging
 14877 | D:4      | Killed Blork the orc
 15066 | D:4      | Killed Edmund
 15130 | D:7      | Found an iron altar of Okawaru.
 15507 | D:7      | Found a shattered altar of Ashenzari.
 15515 | D:7      | Found a glowing golden altar of the Shining One.
 15517 | D:7      | Found an iron altar of Okawaru.
 15604 | D:7      | Found Zin's Purification Station.
 15605 | D:7      | Found a glowing silver altar of Zin.
 15872 | D:10     | Entered Level 10 of the Dungeon
 15911 | D:10     | Reached skill level 5 in Unarmed Combat
 15981 | D:10     | Noticed a two-headed ogre
 16000 | D:10     | Killed a two-headed ogre
 16142 | D:10     | Noticed a gargoyle
 16153 | D:10     | Killed a gargoyle
 16712 | D:10     | Noticed Harold
 16997 | D:9      | Reached skill level 7 in Dodging
 17463 | D:10     | Reached XP level 11. HP: 36/61 MP: 9/22
 17770 | D:10     | Offered knowledge of Static Discharge by Vehumet.
 17831 | D:10     | Killed Harold
 17941 | D:10     | Noticed a two-headed ogre
 18179 | D:10     | Reached *** piety under Vehumet
 18221 | D:10     | Killed a two-headed ogre
 18352 | D:10     | Found a staircase to the Orcish Mines.
 18354 | D:10     | Reached skill level 8 in Dodging
 19269 | D:11     | Offered knowledge of Airstrike by Vehumet.
 19439 | D:11     | Reached skill level 9 in Dodging
 20331 | D:11     | Reached skill level 10 in Dodging
 20498 | D:11     | Reached skill level 1 in Stealth
 20971 | Lair:1   | Entered Level 1 of the Lair of Beasts
 21137 | Lair:1   | Noticed a seven-headed hydra
 21155 | Lair:1   | Killed a seven-headed hydra
 21327 | Lair:1   | Reached **** piety under Vehumet
 21626 | Lair:1   | Learned a level 3 spell: Stone Arrow
 22181 | Lair:1   | Offered knowledge of Sticky Flame by Vehumet.
 22187 | Lair:1   | Learned a level 4 spell: Sticky Flame
 22572 | Lair:2   | Reached XP level 12. HP: 46/66 MP: 14/26
 22856 | Lair:2   | Noticed Gastronok
 23179 | Lair:2   | Reached skill level 10 in Conjurations
 24365 | Lair:3   | Reached skill level 5 in Fighting
 24723 | Lair:3   | Noticed a four-headed hydra
 24821 | Lair:3   | Noticed a seven-headed hydra
 26777 | Lair:4   | Reached ***** piety under Vehumet
 26985 | Lair:4   | Offered knowledge of Conjure Ball Lightning by Vehumet.
 27417 | Lair:4   | Found a staircase to the Swamp.
 28250 | Lair:5   | Got a crude flail
 28251 | Lair:5   | Identified the +9 flail of Bodily Humours {protect, rElec
                  | rPois Int-2} (You found it on level 5 of the Lair of
                  | Beasts)
 28452 | Lair:4   | Reached XP level 13. HP: 78/78 MP: 23/28
 28599 | Lair:5   | Found the +10 large shield of Ignorance {rN+ Int-4}
 28936 | Lair:5   | Reached skill level 11 in Dodging
 29650 | Lair:6   | Entered Level 6 of the Lair of Beasts
 29827 | Lair:6   | Reached skill level 10 in Spellcasting
 30540 | Lair:6   | Found a staircase to the Slime Pits.
 30541 | Lair:6   | Found a viscous altar of Jiyva.
 30556 | Lair:6   | Reached skill level 12 in Dodging
 31303 | Lair:6   | Reached skill level 13 in Dodging
 32506 | D:10     | Noticed Psyche
 32511 | D:10     | Killed Psyche
 33344 | D:11     | Reached skill level 14 in Dodging
 33505 | D:11     | Found a roughly hewn altar of Beogh.
 35193 | D:12     | Found a gateway to a bazaar.
 35200 | Bazaar   | Entered a bazaar
 35209 | Bazaar   | Found Loyxeg's Antique Weapon Emporium.
 35214 | Bazaar   | Found Hinetog's Book Shop.
 35217 | Bazaar   | Found Neih's Magic Scroll Shoppe.
 35228 | Bazaar   | Found Zucruv's General Store.
 35231 | Bazaar   | Found Getekid's Gadget Shop.
 35258 | Bazaar   | Bought a book of Flames for 455 gold pieces
 35265 | Bazaar   | Bought a scroll of magic mapping for 31 gold pieces
 35265 | Bazaar   | Bought a scroll of acquirement for 468 gold pieces
 35271 | Bazaar   | Learned a level 5 spell: Fireball
 35698 | D:13     | Found an iron altar of Okawaru.
 35776 | D:12     | Reached skill level 15 in Dodging
 36090 | D:13     | Noticed Josephine
 36093 | D:13     | Killed Josephine
 36349 | D:13     | Offered knowledge of Lightning Bolt by Vehumet.
 36449 | D:13     | Learned a level 5 spell: Lightning Bolt
 36476 | D:13     | Reached XP level 14. HP: 84/84 MP: 13/30
 37034 | D:13     | Noticed a frost giant
 37052 | D:13     | Killed a frost giant
 38695 | D:13     | Found a portal to a secret trove of treasure.
 40412 | D:14     | Reached skill level 10 in Fire Magic
 40419 | D:14     | Noticed Nessos
 40541 | D:14     | Offered knowledge of Irradiate by Vehumet.
 40790 | D:14     | Found a radiant altar of Vehumet.
 40846 | D:14     | Killed Nessos
 41173 | D:14     | Found a gate to the Vaults.
 41346 | D:15     | Entered Level 15 of the Dungeon
 42210 | D:15     | Reached XP level 15. HP: 88/88 MP: 16/35
 42725 | D:15     | Found a staircase to the Depths.
 44230 | Orc:1    | Entered Level 1 of the Orcish Mines
 44493 | Orc:1    | Offered knowledge of Iskenderun's Battlesphere by Vehumet.
 44514 | Orc:1    | Noticed Erolcha
 44516 | Orc:1    | Cast into level 2 of the Abyss (Erolcha)
 44525 | Abyss:2  | Found a corrupted altar of Lugonu.
 45006 | Abyss:2  | Killed from afar by a smoke demon
